cohdb
Replays
Latest Replays
All Replays
Popular Replays
Top Player Replays
Match Explorer
How It Works
Community
CoH3 Stats
Reddit
Sign in to upload your games and track your stats! →
Sign in with Steam
Match 23780861
Unlisted
Match 23780861
Overview
Messages
Build Orders
End
Vickers Machine Gun Team
Construct Section Command Post
Infantry Section
ML 3-inch Mortar Team
Construct Field Infirmary
Infantry Section
Selects Air and Sea Battlegroup
Construct Platoon Command Post
Unlock M3 Stuart Light Tanks
Selects Commando Section Paradrop
Commando Section Paradrop
M3 Stuart Light Tank
Selects M1 Pack Howitzer Paradrop
M1 Pack Howitzer Paradrop
M1 Pack Howitzer Paradrop
A hat made of lettuce
Murphtron
HolyMoses
UH|dun! ツ
UH|XTC
iceman
0
0
Comments
sign in to comment!
No comments posted yet!